 Dungeon Crawl Stone Soup version 0.26-a0-658-gbdda728c12 (webtiles) character file.

Game seed: 14780664698463086688

99316 timneilson the Carver (level 15, -6/135 HPs)
             Began as a Deep Dwarf Fighter on Oct 4, 2020.
             Was the Champion of Makhleb.
             Mangled by an orc warrior
             ... wielding a +0 glaive
              (27 damage)
             ... on level 2 of the Orcish Mines.
             The game lasted 01:10:10 (18604 turns).

timneilson the Carver (Deep Dwarf Fighter)         Turns: 18604, Time: 01:10:11

Health: -6/135     AC: 38    Str: 33    XL:     15   Next: 77%
Magic:  11/11      EV: 10    Int: 10    God:    Makhleb [******]
Gold:   2586       SH: 19    Dex: 12    Spells: 14/14 levels left

rFire    . . .     SeeInvis .   X - +0 scimitar
rCold    + + +     Faith    .   c - +0 kite shield
rNeg     + . .     Spirit   .   j - +1 crystal plate armour {rC+}
rPois    .         Reflect  +   J - +1 helmet
rElec    +         Harm     .   S - +1 cloak of Starlight {rElec rC+ EV+4 Stlth--}
rCorr    +         Rampage  .   W - +0 pair of gloves of the Apothecary {rC+ rCorr} (curse)
MR       ++...                  n - +2 pair of boots
Stlth    ..........             g - amulet of reflection
HPRegen  0.00/turn              V - ring "Wekhinif" {rC+ Str+6 Int+2}
MPRegen  0.12/turn              I - +4 ring of protection

@: non-regenerating, studying Long Blades, lightly drained
A: damage resistance, heal wounds, negative energy resistance 1, sense
surroundings 2, no regeneration
a: Heal Wounds, Minor Destruction, Lesser Servant of Makhleb, Major Destruction,
Greater Servant of Makhleb, Renounce Religion


You were on level 2 of the Orcish Mines.
You worshipped Makhleb.
Makhleb was exalted by your worship.
You visited 4 branches of the dungeon, and saw 22 of its levels.
You also visited: Gauntlet and Ice Cave.

You collected 2586 gold pieces.

Inventory:

Hand Weapons
 a - a +1 long sword
 X - a +0 scimitar (weapon)
Armour
 c - a +0 kite shield (worn)
 j - a +1 crystal plate armour of cold resistance (worn)
 n - a +2 pair of boots (worn)
 J - a +1 helmet (worn)
 L - a +0 plate armour
 S - the +1 cloak of Starlight (worn) {rElec rC+ EV+4 Stlth--}
   (You found it on level 3 of the Lair of Beasts)

   It affects your evasion (+4).
   It protects you from cold.
   It insulates you from electricity.
   It makes you much less stealthy.
 W - the cursed +0 pair of gloves of the Apothecary (worn) {rC+ rCorr}
   (You found it in an ice cave)

   It protects you from cold.
   It provides partial protection from all sources of acid and corrosion.
   It has a curse placed upon it.
Jewellery
 g - an amulet of reflection (around neck)
 o - an uncursed ring of flight
 A - an uncursed ring of protection from cold
 I - a +4 ring of protection (right hand)
 Q - an uncursed ring of see invisible
 U - an uncursed ring of resist corrosion
 V - the ring "Wekhinif" (left hand) {rC+ Str+6 Int+2}
   (You found it on level 4 of the Lair of Beasts)

   [ring of strength]

   It affects your strength (+6).
   It affects your intelligence (+2).
   It protects you from cold.
Wands
 f - a wand of paralysis (17)
 l - a wand of disintegration (41)
 q - a wand of acid (2)
 v - a wand of iceblast (16)
 w - a wand of flame (16)
 F - a wand of polymorph (8)
 G - a wand of random effects (19)
 P - a wand of digging (14)
Scrolls
 b - 3 scrolls of fog
 d - 3 scrolls of blinking
 i - 2 scrolls of magic mapping
 r - 2 scrolls of enchant weapon
 t - 3 scrolls of teleportation
 u - 3 scrolls of enchant armour
 y - 2 scrolls of remove curse
 K - a scroll of fear
 O - 2 scrolls of amnesia
Potions
 e - 5 potions of stabbing
 h - a potion of resistance
 k - 5 potions of ambrosia
 p - 4 potions of lignification
 s - 3 potions of brilliance
 B - 2 potions of magic
 C - a potion of mutation
 D - 3 potions of flight
 E - 2 potions of cancellation
 N - 5 potions of curing
 R - a potion of haste
 T - a potion of invisibility
 Y - 2 potions of might
Books
 m - a manual of Long Blades
Miscellaneous
 x - a phantom mirror
 H - a tin of tremorstones (inert)
 M - a lightning rod (inert)


   Skills:
 + Level 9.3(8.9) Fighting
 * Level 14.4(13.9) Long Blades
 * Level 14.4(13.9) Armour
 * Level 14.3(13.9) Shields
 + Level 11.8(11.4) Invocations
 + Level 11.8(11.4) Evocations


You had 14 spell levels left.
You didn't know any spells.
Your spell library contained the following spells:

 Spells                   Type           Power        Failure   Level
 Beastly Appendage        Tmut           #.....       99%         1
 Corona                   Hex            #......      99%         1
 Freeze                   Ice            #...         99%         1
 Ensorcelled Hibernation  Hex/Ice        #.....       100%        2
 Wereblood                Tmut           #.......     100%        2
 Confusing Touch          Hex            #.......     100%        3
 Dazzling Flash           Conj/Hex       #.....       100%        3
 Frozen Ramparts          Ice            #.....       100%        3
 Ozocubu's Armour         Ice            #.......     100%        3
 Spider Form              Tmut/Pois      #.........   100%        3
 Tukima's Dance           Hex            #.......     100%        3
 Hailstorm                Conj/Ice       #.......     100%        4
 Ice Form                 Ice/Tmut       #.......     100%        4
 Summon Ice Beast         Ice/Summ       #.......     100%        4
 Blade Hands              Tmut           #.........   100%        5
 Metabolic Englaciation   Hex/Ice        #.........   100%        5
 Freezing Cloud           Conj/Ice/Air   #.........   100%        6
 Ozocubu's Refrigeration  Ice            #.........   100%        6
 Simulacrum               Ice/Necr       #.........   100%        6


Dungeon Overview and Level Annotations

Branches:
Dungeon (13/15)            Temple (1/1) D:7            Lair (6/6) D:11
  Swamp (0/4) Lair:3        Snake (0/4) Lair:2        Slime (0/5) Lair:6
    Orc (2/2) D:9             Elf (0/3) Orc:2         IceCv (visited)
Gauntlet (visited)
 Vaults: D:13-14

Altars:
Ashenzari
Cheibriados
Dithmenos
Elyvilon
Fedhas
Gozag
Hepliaklqana
Kikubaaqudgha
Makhleb
Nemelex Xobeh
Okawaru
Qazlal
Ru
Sif Muna
Trog
Uskayaw
Vehumet
Wu Jian
Xom
Yredelemnul
Zin
The Shining One
Beogh
Jiyva

Shops:
D:4 [   D:6 *   D:9 (   D:12 *

Annotations:
D:9 2 runed translucent doors
Lair:6 1 runed translucent door


Innate Abilities, Weirdness & Mutations

You are resistant to damage.
You can heal yourself by infusing magical energy.
You resist negative energy. (rN+)
You passively map the area around you.
You do not regenerate.


Message History

You closely miss the orc.
The orc knight shouts!
You hear a shout!
You block the orc warrior's attack.
The orc wizard gestures wildly while chanting.
The orc wizard blinks!
The orc warrior hits you but does no damage.
You hit the orc but do no damage. You block the orc's attack.
The orc warrior hits you but does no damage.
You block the orc's attack.
The orc warrior hits you but does no damage.
The orc warrior barely misses you.
You slash the orc!
You kill the orc!
Makhleb accepts your kill.
You feel better. The orc warrior barely misses you.
You block the orc warrior's attack.
The orc knight roars a battlecry!
The orcs go into a battle-frenzy!
The orc warrior hits you from afar with a +0 glaive!!
You die...

,* *,,* *,,,,,,,,,* *,,* ,* *,,*
#....⌠....# *,,* ,*** #.,*
#.....o...# *,,* ,,,** #..*
#...o.....# *,,* ,,,,*
#..###.........#**,,*
**,*****#................,,,****
*** *,,.......o.o.......,,,,,,*
*,,.......oo........,,,,,,**
*,,,,,**#..@.o....#**,,,,,**
*,,,,,* #.........# *,,,,,**
******* #.o..))...# ********
#...)).)..# * #.).[)[.).# *
###########)))))#####*******
##......##...)))).....,,,,,,,
##............)))......,,,,,,,
#.............)).......,,,,,,,


You could see an orc knight, 4 orc warriors, an orc wizard (strong) and 2 orcs.

Vanquished Creatures
  Jorgrun (Orc:2)
  Rupert (Lair:5)
  Gastronok (D:10)
  Kirke (Lair:6)
  An orc warlord (Orc:2)
  A reaper (IceCv)
  A minotaur (Gauntlet)
  4 hydras
  4 boulder beetles
  4 catoblepae
  8 death yaks (Lair:6)
  A two-headed ogre (D:12)
  2 death scarabs (Gauntlet)
  2 orc high priests (Orc:2)
  Nergalle (Lair:4)
  A spectral death yak (Gauntlet)
  A wizard (Gauntlet)
  A necromancer (Gauntlet)
  3 lindwurms
  A deep elf mage (D:12)
  6 oklob plants
  An ugly thing (D:13)
  An orc knight (Orc:2)
  An orc sorcerer (Orc:2)
  2 cyclopes (D:13)
  3 manticores
  2 elephants (Lair:6)
  A centaur zombie (D:12)
  2 ice statues (IceCv)
  7 black mambas
  A torpor snail (Lair:6)
  13 cane toads
  3 rime drakes
  10 komodo dragons
  2 tengu conjurers
  8 ice devils (IceCv)
  A troll (shapeshifter) (D:13)
  7 trolls
  2 hornets
  2 polar bears
  10 blink frogs
  2 dream sheep (Lair:6)
  6 wyverns
  4 slime creatures (D:13)
  A wraith (D:13)
  A hog (Lair:6)
  2 fire bats (Lair:6)
  2 spectral komodo dragons (Gauntlet)
  10 basilisks
  37 yaks
  2 humans (D:8)
  A steam dragon (Lair:5)
  A warg (Orc:1)
  Edmund (D:6)
  Menkaure (D:6)
  2 acid dragons
  19 water moccasins
  2 sky beasts
  25 orc warriors
  4 ice beasts
  8 ogres
  5 black bears
  2 phantoms
  6 centaurs
  39 wolves
  2 big kobolds
  12 bullfrogs
  2 gnoll sergeants
  3 wyvern skeletons
  6 scorpions
  5 wights (D:11)
  2 electric eels (D:11)
  2 vampire bats (Lair:4)
  4 howler monkeys
  A bullfrog zombie (D:12)
  10 hounds
  2 jellies (D:8)
  24 orc priests
  A bullfrog skeleton (D:6)
  4 centaur skeletons
  22 orc wizards
  3 iguanas
  5 worker ants
  A hound skeleton (D:11)
  6 gnolls
  A howler monkey skeleton (D:4)
  18 adders
  A shadow imp (D:8)
  16 white imps
  9 ufetubi
  2 oozes
  6 worms
  2 dart slugs
  6 leopard geckos
  82 orcs
  9 giant cockroaches
  4 hobgoblins
  10 jackals
  14 kobolds
  4 quokkas
  3 ball pythons
  A ball python skeleton (D:5)
  18 bats
  3 frilled lizards
  A giant cockroach zombie (D:5)
  8 goblins
  A jackal skeleton (D:9)
  A quokka skeleton (D:5)
  3 rats
648 creatures vanquished.

Vanquished Creatures (others)
  An orc wizard (D:5)
  A white imp (IceCv)
  2 ufetubi (IceCv)
  2 orcs (Orc:2)
  28 fungi
  62 plants
96 creatures vanquished.

Grand Total: 744 creatures vanquished

Notes
Turn   | Place    | Note
-------+----------+-------------------------------------------
     0 | D:1      | timneilson the Deep Dwarf Fighter began the quest for the
                  | Orb.
     0 | D:1      | Reached XP level 1. HP: 20/20 MP: 1/1
   151 | D:1      | Reached XP level 2. HP: 21/27 MP: 2/2
   646 | D:2      | Reached XP level 3. HP: 23/33 MP: 2/2
   705 | D:2      | Found a broken altar of Ashenzari.
   797 | D:2      | Found a shimmering blue altar of Sif Muna.
   944 | D:2      | Found a burning altar of Makhleb.
   949 | D:2      | Became a worshipper of Makhleb the Destroyer
   963 | D:2      | Found a shadowy altar of Dithmenos.
  1154 | D:3      | Reached XP level 4. HP: 33/42 MP: 3/3
  1181 | D:3      | Reached XP level 5. HP: 35/49 MP: 4/4
  1204 | D:3      | Noticed an ice beast
  1413 | D:3      | Found a glowing silver altar of Zin.
  1436 | D:3      | Killed an ice beast
  1436 | D:3      | Reached skill level 1 in Invocations
  1436 | D:3      | Reached skill level 1 in Evocations
  1463 | D:3      | Reached * piety under Makhleb
  1527 | D:3      | Reached XP level 6. HP: 34/56 MP: 5/5
  1595 | D:3      | Found a basalt altar of Yredelemnul.
  1997 | D:4      | Found a hazy altar of Hepliaklqana.
  2016 | D:4      | Found Yjibri's Antique Armour Boutique.
  2028 | D:4      | Reached skill level 5 in Armour
  2028 | D:4      | Reached skill level 5 in Shields
  2439 | D:5      | Entered Level 5 of the Dungeon
  2562 | D:5      | Reached XP level 7. HP: 51/62 MP: 6/6
  2745 | D:5      | Reached ** piety under Makhleb
  3235 | D:6      | Noticed Menkaure
  3245 | D:6      | Killed Menkaure
  3260 | D:6      | Found a snail-covered altar of Cheibriados.
  3294 | D:6      | Reached XP level 8. HP: 43/72 MP: 8/8
  3359 | D:6      | Noticed Edmund
  3374 | D:6      | Killed Edmund
  3374 | D:6      | Reached skill level 5 in Long Blades
  3642 | D:6      | Found Udduug's General Store.
  3678 | D:6      | Found a shimmering altar of Xom.
  3748 | D:7      | Found a sacrificial altar of Ru.
  3773 | D:7      | Found a blossoming altar of Fedhas.
  3847 | D:7      | Gained mutation: You passively map the area around you.
                  | [Deep Dwarf growth]
  3847 | D:7      | Reached XP level 9. HP: 42/79 MP: 9/9
  4353 | D:7      | Found a staircase to the Ecumenical Temple.
  4363 | Temple   | Entered the Ecumenical Temple
  4826 | D:8      | Reached *** piety under Makhleb
  4886 | D:8      | Found an iron altar of Okawaru.
  5010 | D:8      | Reached skill level 5 in Evocations
  5075 | D:8      | Reached skill level 5 in Invocations
  5128 | D:8      | Found an opulent altar of Gozag.
  5183 | D:8      | Reached skill level 5 in Fighting
  5424 | D:8      | Noticed a moth of wrath
  5427 | D:8      | Found a bloodstained altar of Trog.
  5724 | D:9      | Noticed a tengu conjurer
  5734 | D:9      | Found a large runed translucent door.
  5746 | D:9      | Reached **** piety under Makhleb
  5760 | D:9      | Found a large runed translucent door.
  5762 | D:9      | Killed a tengu conjurer
  5762 | D:9      | Reached XP level 10. HP: 44/88 MP: 11/11
  5847 | D:9      | Found a staircase to the Orcish Mines.
  5961 | D:9      | Found Vuwkecug's Weapon Shop.
  6380 | D:10     | Entered Level 10 of the Dungeon
  6683 | D:10     | Noticed Gastronok
  6709 | D:10     | Killed Gastronok
  6946 | D:10     | Paralysed by a centaur for 7 turns
  7041 | D:10     | Reached XP level 11. HP: 97/97 MP: 13/13
  7180 | D:11     | Reached ***** piety under Makhleb
  7359 | D:11     | Noticed a boulder beetle
  7417 | D:11     | Killed a boulder beetle
  7481 | D:11     | Found a staircase to the Lair.
  7584 | D:11     | Reached skill level 10 in Shields
  7788 | D:11     | Reached skill level 10 in Armour
  8001 | D:12     | Noticed a boulder beetle
  8025 | D:12     | Killed a boulder beetle
  8030 | D:12     | Noticed a deep elf mage
  8054 | D:12     | Killed a deep elf mage
  8090 | D:12     | Noticed a two-headed ogre
  8105 | D:12     | Killed a two-headed ogre
  8121 | D:12     | Noticed a boulder beetle
  8146 | D:12     | Killed a boulder beetle
  8280 | D:12     | Found a snail-covered altar of Cheibriados.
  8741 | D:12     | Found Quschi's Assorted Antiques.
  9027 | D:13     | Reached XP level 12. HP: 71/106 MP: 13/13
  9337 | D:13     | Noticed a catoblepas
  9359 | D:13     | Killed a catoblepas
  9419 | D:13     | Reached skill level 10 in Long Blades
 10097 | Lair:1   | Entered Level 1 of the Lair of Beasts
 10232 | Lair:1   | Found a gate leading to a gauntlet.
 10241 | Gauntlet | Entered a Gauntlet
 10241 | Gauntlet | Found a runed translucent gate.
 10241 | Gauntlet | Found a transporter.
 10241 | Gauntlet | Found a runed translucent gate.
 10241 | Gauntlet | Found a runed translucent gate.
 10241 | Gauntlet | Found a transporter.
 10249 | Gauntlet | Found a transporter.
 10253 | Gauntlet | Found a transporter.
 10262 | Gauntlet | Found a transporter.
 10265 | Gauntlet | Found a transporter.
 10268 | Gauntlet | Noticed a death scarab
 10270 | Gauntlet | Noticed a death scarab
 10273 | Gauntlet | Found a transporter.
 10289 | Gauntlet | Found a transporter.
 10289 | Gauntlet | Noticed a hell beast
 10293 | Gauntlet | Found a transporter.
 10313 | Gauntlet | Found a transporter.
 10323 | Gauntlet | Found a transporter.
 10327 | Gauntlet | Found a transporter.
 10451 | Gauntlet | Got a wavering iron ring
 10454 | Gauntlet | Identified the ring of Oghupionach {+Fly Str+4} (You found
                  | it in a Gauntlet)
 10661 | Gauntlet | Killed a death scarab
 10680 | Gauntlet | Killed a death scarab
 10723 | Gauntlet | Noticed a minotaur
 10758 | Gauntlet | Killed a minotaur
 10758 | Gauntlet | Reached ****** piety under Makhleb
 11024 | Lair:1   | Reached XP level 13. HP: 56/115 MP: 11/11
 12020 | Lair:2   | Found a staircase to the Snake Pit.
 12788 | Lair:2   | Reached skill level 10 in Invocations
 12788 | Lair:2   | Reached skill level 10 in Evocations
 12788 | Lair:2   | Gained mutation: You resist negative energy. (rN+) [Deep
                  | Dwarf growth]
 12788 | Lair:2   | Reached XP level 14. HP: 126/126 MP: 12/12
 12825 | Lair:3   | Found a staircase to the Swamp.
 13190 | Lair:3   | Found the +1 cloak of Starlight {rElec rC+ EV+4 Stlth--}
 13828 | Lair:4   | Noticed Nergalle
 13920 | Lair:4   | Killed Nergalle
 14106 | Lair:4   | Got a heavily runed pewter ring
 14107 | Lair:4   | Identified the ring "Wekhinif" {rC+ Str+6 Int+2} (You found
                  | it on level 4 of the Lair of Beasts)
 14603 | Lair:4   | Identified a scroll of acquirement
 14603 | Lair:4   | Acquired a manual of Long Blades
 15406 | Lair:5   | Noticed Rupert
 15460 | Lair:5   | Killed Rupert
 15987 | Lair:6   | Entered Level 6 of the Lair of Beasts
 16039 | Lair:6   | Found a runed translucent door.
 16040 | Lair:6   | Found a viscous altar of Jiyva.
 16040 | Lair:6   | Noticed an acid blob
 16042 | Lair:6   | Found a staircase to the Slime Pits.
 16042 | Lair:6   | Noticed an acid blob
 16088 | Lair:6   | Reached XP level 15. HP: 124/134 MP: 11/11
 16524 | Lair:6   | Noticed Kirke
 16547 | Lair:6   | Killed Kirke
 17371 | Orc:1    | Entered Level 1 of the Orcish Mines
 17580 | Orc:1    | Found a roughly hewn altar of Beogh.
 17847 | Orc:2    | Entered Level 2 of the Orcish Mines
 17901 | Orc:2    | Found a frozen archway.
 17918 | IceCv    | Entered an ice cave
 18053 | IceCv    | Got a pair of faintly humming gloves
 18054 | IceCv    | Identified the cursed +0 pair of gloves of the Apothecary
                  | {rC+ rCorr} (You found it in an ice cave)
 18356 | Orc:2    | Noticed Jorgrun
 18389 | Orc:2    | Killed Jorgrun
 18416 | Orc:2    | Noticed an orc warlord
 18487 | Orc:2    | Killed an orc warlord
 18604 | Orc:2    | Mangled by an orc warrior

Illustrated notes

Levels and vault maps discovered:
D:1:      matt_arrival_refuge, layout_basic
D:2:      layout_rooms, lightli_temple_of_fire, lemuel_round_altar,
          evilmike_ruin_ashenzari, lemuel_blue_sif_altar
D:3:      layout_basic, lemuel_doored_altar, zin_academy, palyth_stone_intersect
D:4:      layout_loops_ring, lemuel_round_altar, kennysheep_windowed_goal
D:5:      layout_basic
D:6:      layout_rooms, lemuel_crystal_altar, kennysheep_mini_moat,
          serial_shops, shop, nrook_loot_triangle, uniq_edmund, uniq_menkaure
D:7:      layout_loops_corners, kennysheep_little_box, old_standard_altar,
          minmay_temple_entry_overgrown
D:8:      layout_basic, tgw_trog, okawaru_humans, nicolae_overflow_crystal_walls
D:9:      layout_roguey, orc_david_3, jmf_multi_god_temple2
D:10:     layout_basic, uniq_gastronok
D:11:     layout_rooms, minmay_lair_entry_grove, nicolae_lava_and_water
D:12:     layout_basic, serial_shops, shop, chequers_serial_rivers_room_b,
          nicolae_benzene_ring, lemuel_tele_altar
D:13:     layout_grid_maze
Temple:   pf_slimified_temple
Lair:1:   layout_cave_pods, gauntlet_entry_generic
Lair:2:   layout_cave_pods, minmay_snake_entry_six_corridors,
          serial_bayou_crossing
Lair:3:   layout_gridlike, swamp_mist, kennysheep_basilisk_garden
Lair:4:   layout_regular_city, chequers_serial_rivers_small_a,
          small_statue_intersection, roderic_batcave, minmay_lair_oklob_chamber,
          lemuel_fruit_fields, uniq_nergalle
Lair:5:   layout_roguey, grunt_megastairs_1, uniq_rupert
Lair:6:   hangedman_lair_in_review, layout_gridlike, slime_altar_2,
          serial_bayou_lagoon_a, serial_bayou_pond_e, st_stairs_8, uniq_kirke
Orc:1:    layout_diamond_mine, basic_altar
Orc:2:    st_orc_congregation, layout_diamond_mine, basic_altar,
          portal_ice_cave_entry_pillars_1, bloody_makhleb, uniq_jorgrun

Skill      XL: |  1  2  3  4  5  6  7  8  9 10 11 12 13 14 15 |
---------------+----------------------------------------------+-----
Fighting       | 3 4 5 6 7 8 9 |  9.3
Shields        | 4 5 6 7 8 9 10 11 12 13 14 | 14.3
Armour         | 4 5 7 8 9 10 11 12 13 14 | 14.4
Long Blades    | 3 4 5 7 8 9 10 11 12 14 | 14.4
Invocations    | 1 2 3 4 5 6 8 9 10 11 | 11.8
Evocations     | 1 2 3 4 5 7 8 9 10 11 | 11.8

Action                   |  1- 3 |  4- 6 |  7- 9 | 10-12 | 13-15 || total
-------------------------+-------+-------+-------+-------+-------++-------
Melee: Long sword        |   163 |   158 |   510 |  1315 |   647 ||  2793
       Scimitar          |       |       |       |       |  1218 ||  1218
 Abil: Heal Wounds       |     2 |     2 |     3 |    36 |     6 ||    49
       Evoke Flight      |       |       |       |       |     1 ||     1
Evoke: Wand              |       |       |       |     8 |    13 ||    21
       Lightning rod     |       |       |       |       |     8 ||     8
       Tin of tremorston |       |       |       |       |     3 ||     3
  Use: Scroll            |     6 |     4 |    10 |    12 |    11 ||    43
       Potion            |       |       |     2 |    11 |     5 ||    18
 Stab: Invisible         |       |       |       |     2 |     3 ||     5
       Petrified         |       |       |       |       |    11 ||    11
       Petrifying        |       |       |       |       |     1 ||     1
Armor: Scale mail        |    94 |    63 |    45 |       |       ||   202
       Chain mail        |       |       |   115 |   138 |       ||   253
       Plate armour      |       |       |       |   365 |   621 ||   986
       Skin              |       |       |       |     6 |       ||     6
       Crystal plate arm |       |       |       |       |    67 ||    67
Dodge: Dodged            |    53 |    44 |    87 |   264 |   448 ||   896
       Repelled          |       |       |     1 |     2 |       ||     3
Block: Kite shield       |   138 |   140 |   388 |  1252 |  1718 ||  3636
       Reflection        |     1 |     1 |    15 |    17 |    24 ||    58
       Rpst.: Long sword |    18 |    12 |    26 |    86 |    54 ||   196
       Scimitar          |       |       |       |       |    76 ||    76

Table legend: (Time is in decaauts)
 A = Elapsed time spent in this place.
 B = Non-inter-level travel time spent in this place.
 C = Inter-level travel time spent in this place.
 D = Time resting spent in this place.
 E = Time spent auto-exploring this place.
 F = Levels seen in this place.
 G = Mean time per level.
                   A        B        C        D        E       F      G
               +--------+--------+--------+--------+--------+-----+--------+
         Total |  18543 |  17483 |   1060 |    324 |   9945 |  24 |  772.6 |
       Dungeon |  10410 |   9831 |    579 |    140 |   5859 |  13 |  800.8 |
        Temple |    105 |    105 |      0 |      0 |     84 |   1 |  105.0 |
          Lair |   6337 |   5882 |    455 |    172 |   3584 |   6 | 1056.2 |
  Orcish Mines |    647 |    622 |     25 |      0 |    192 |   2 |  323.5 |
      Ice Cave |    350 |    350 |      0 |      0 |     98 |   1 |  350.0 |
      Gauntlet |    691 |    691 |      0 |     12 |    127 |   1 |  691.0 |
               +--------+--------+--------+--------+--------+-----+--------+

Top non-repeatable levels by time:
  Lair:4: 1437 daAuts
    D:12: 1156 daAuts
  Lair:6: 1100 daAuts
  Lair:1: 1089 daAuts
  Lair:2: 1067 daAuts
     D:9: 1016 daAuts
    D:13: 934 daAuts
     D:7: 913 daAuts
  Lair:5: 899 daAuts
    D:11: 880 daAuts
    D:10: 851 daAuts
     D:5: 816 daAuts
     D:3: 791 daAuts
     D:8: 788 daAuts
  Lair:3: 743 daAuts
